 Dungeon Crawl Stone Soup version 0.20-a0-1109-ge3cd172 (webtiles) character file.

53 s1b0rg2 the Skirmisher (level 3, -1/24 HPs)
             Began as a Gargoyle Berserker on May 6, 2017.
             Was a Believer of Trog.
             Slain by a gnoll
             ... wielding a +0 flail
              (6 damage)
             ... on level 1 of the Dungeon.
             The game lasted 00:05:53 (1214 turns).

s1b0rg2 the Skirmisher (Gargoyle Berserker)         Turns: 1214, Time: 00:05:54

Health: -1/24      AC:  6    Str: 21    XL:     3   Next: 87%
Magic:  3/3        EV: 12    Int:  7    God:    Trog [**....]
Gold:   73         SH:  0    Dex:  9    Spells: 2/2 levels left

rFire    . . .     SeeInvis .   a - +0 mace
rCold    . . .     Gourm    .   (no shield)
rNeg     + . .     Faith    .   b - +0 animal skin
rPois    ∞         Spirit   .   (no helmet)
rElec    +         Reflect  .   (no cloak)
rCorr    .         Harm     .   g - +0 pair of gloves
MR       .....                  (no boots)
Stlth    +.........             (no amulet)
Regen    0.1/turn               (no ring)
MPRegen  0.1/turn               (no ring)

@: no status effects
A: negative energy resistance 1, electricity resistance, unbreathing,
petrification resistance, rot immunity, AC +3
a: Berserk, Trog's Hand, Burn Spellbooks, Renounce Religion


You were on level 1 of the Dungeon.
You worshipped Trog.
Trog was pleased with you.
You were not hungry.

You visited 1 branch of the dungeon, and saw 2 of its levels.

You collected 73 gold pieces.

Inventory:

Hand Weapons
 a - a +0 mace (weapon)
Armour
 b - a +0 animal skin (worn)
 g - a +0 pair of gloves (worn)
Jewellery
 k - an uncursed ring of protection from cold {unknown}
Scrolls
 d - a scroll of amnesia {unknown}
 f - 2 scrolls of recharging {unknown}
Potions
 e - a potion of heal wounds {unknown}
 i - a potion of ambrosia {unknown}
 j - a potion of invisibility {unknown}
Comestibles
 c - a bread ration


   Skills:
 + Level 3.9 Fighting
 + Level 3.6 Maces & Flails
 + Level 2.3 Armour
 + Level 2.0 Dodging
 + Level 1.0 Stealth


You had 2 spell levels left.
You didn't know any spells.

Dungeon Overview and Level Annotations

Branches:
Dungeon (2/15)

Altars:


Innate Abilities, Weirdness & Mutations

You are resistant to torment.
Your stone body is resilient. (AC +3)
You are immune to poison.
You resist negative energy. (rN+)
You are resistant to electric shocks. (rElec)
You can survive without breathing.
You are immune to petrification.
You are immune to rotting.


Message History

You closely miss the gnoll. The gnoll hits you with a flail.
* * * LOW HITPOINT WARNING * * *
The gnoll closely misses you.
There is a stone staircase leading up here.
The gnoll hits you but does no damage.
You climb upwards.
There is a stone staircase leading down here.
The gnoll barely misses you.
You climb downwards.
There is a stone staircase leading up here.
The gnoll barely misses you.
There is a stone staircase leading up here.
The gnoll barely misses you.
You climb upwards.
There is a stone staircase leading down here.
You see here a club.
There is an open door here.
The gnoll barely misses you. The gnoll hits you with a flail.
You die...

#..............#......#
#..............#......#
#..............#......#
#...#####'######......#
#...#.....# #......#
#####.##### #.......
#...# ########.......
#####.#####..............
#.....#.@.+.............#
#.#####g###.............#
#.#...#.#.'....)..#######
#.#.###.#.#.......# #
#.#...#.#.#.......# #
#.......#.#.......# #
#####.....#.......# #
#######.....).# #
######### #


You could see a gnoll.

Vanquished Creatures
  2 adders (D:2)
  An ooze (D:1)
  A dart slug (D:1)
  2 giant cockroaches (D:1)
  4 goblins
  A hobgoblin (D:1)
  2 jackals (D:2)
  A quokka (D:2)
  A ball python (D:2)
  6 bats
  4 frilled lizards (D:1)
  2 kobolds (D:2)
  6 rats
33 creatures vanquished.

Notes
Turn   | Place    | Note
-------+----------+-------------------------------------------
     0 | D:1      | s1b0rg2 the Gargoyle Berserker began the quest for the Orb.
     0 | D:1      | Reached XP level 1. HP: 14/14 MP: 1/1
   171 | D:1      | Reached XP level 2. HP: 19/19 MP: 2/2
   697 | D:1      | Reached XP level 3. HP: 23/23 MP: 3/3
  1023 | D:2      | Reached ** piety under Trog
  1158 | D:2      | Reached skill level 1 in Stealth
  1162 | D:2      | HP: 1/24 [gnoll/flail (6)]
  1214 | D:1      | Slain by a gnoll

Vault maps used:
D:1:      elethiomel_arrival_shortcut, amethyst_killhole
D:2:      cheibrodos_gnoll_hut, uniq_natasha

Skill      XL: |  1  2  3 |
---------------+----------+-----
Dodging        | 2 |  2.0
Stealth        | 1 |  1.0
Fighting       | |  3.9
Maces & Flails | |  3.6
Armour         | |  2.3

Action                   || total
-------------------------++-------
Melee: Mace              ||   100
 Stab: Sleeping          ||     2
       Distracted        ||     1
  Eat: Fruit             ||     2
Armor: Animal skin       ||    60
Dodge: Dodged            ||    99
